 Dungeon Crawl Stone Soup version 0.28.0-43-g3370ac3207 (webtiles) character file.

Game seed: 13090467742296219250

19821 mortz the Thaumaturge (level 12, -1/63 HPs)
             Began as a Deep Elf Conjurer on Apr 1, 2022.
             Was an Elder of Vehumet.
             Engulfed by a cloud of freezing vapour (4 damage)
             ... in an ice cave.
             The game lasted 02:16:35 (18833 turns).

mortz the Thaumaturge (Deep Elf Conjurer)          Turns: 18833, Time: 02:16:36

Health: -1/63      AC: 17    Str:  6    XL:     12   Next: 39%
Magic:  0/39       EV:  7    Int: 36    God:    Vehumet [****..]
Gold:   62         SH:  6    Dex: 17    Spells: 11/36 levels left

rFire   x . .      SeeInvis .   k - +6 short sword of the Hungering Fulmar {venom, Will++ rCorr MP+9 Int-3, short}
rCold   + + .      Faith    .   q - +1 buckler
rNeg    + . .      Spirit   +   a - +0 ice dragon scales
rPois   .          Reflect  .   B - +2 hat of the Bear Spirit {Spirit, *Rage Will++}
rElec   .          Harm     .   f - +2 cloak
rCorr   +          Rampage  +   x - +1 pair of gloves
Will    +++++      Rage     20% T - +1 pair of boots {Fly}
Stlth   ++........              w - amulet "Rely" {Acrobat Rampage *Corrode rN+ Dex+4}
HPRegen 0.20/turn               C - +6 ring of intelligence
MPRegen 0.26/turn               J - +6 ring of intelligence

@: about to teleport, corroded, flying
A: no striking features
a: Renounce Religion


You were in an ice cave.
You worshipped Vehumet.
Vehumet was greatly pleased with you.
You visited 3 branches of the dungeon, and saw 13 of its levels.
You also visited: Bailey and Ice Cave.

You collected 738 gold pieces.
You spent 676 gold pieces at shops.


   Skills:
 + Level 2.3 Fighting
 + Level 4.0(4.4) Short Blades
 + Level 2.5(3.5) Long Blades
 + Level 1.1(1.6) Axes
 + Level 1.0(1.4) Maces & Flails
 + Level 1.0(1.4) Polearms
 + Level 1.3(2.0) Staves
 + Level 1.1(1.3) Slings
 + Level 2.0 Bows
 + Level 1.2 Crossbows
 + Level 1.3(1.7) Throwing
 + Level 5.8 Armour
 + Level 6.1 Dodging
 + Level 5.4 Stealth
 + Level 2.0 Shields
 + Level 1.1 Unarmed Combat
 + Level 12.6 Spellcasting
 + Level 10.6 Conjurations
 + Level 5.5 Hexes
 + Level 1.5 Summonings
 + Level 1.7 Necromancy
 + Level 6.9 Translocations
 + Level 2.4 Transmutations
 * Level 5.2 Fire Magic
 + Level 1.5 Ice Magic
 - Level 1.9 Air Magic
 + Level 1.5 Earth Magic
 - Level 3.1 Poison Magic
 + Level 1.5 Invocations
 + Level 1.5 Evocations


You had 11 spell levels left.
You knew the following spells:

 Your Spells              Type           Power      Damage    Failure   Level
a - Magic Dart            Conj           100%       1d8       1%          1
b - Searing Ray           Conj           100%       2d8       1%          2
c - Iskenderun's Mystic   Conj/Tloc      72%        2d15      3%          4
d - Foxfire               Conj/Fire      100%       2x1d9     1%          1
e - Dazzling Flash        Conj/Hex       100%       N/A       1%          3
f - Poisonous Vapours     Pois/Air       80%        N/A       7%          2
g - Fulminant Prism       Conj/Hex       34%        3d16      5%          4
h - Mephitic Cloud        Conj/Pois/Air  57%        N/A       4%          3
i - Fireball              Conj/Fire      34%        3d14      13%         5

Your spell library contained the following spells:

 Spells                   Type           Power      Damage    Failure   Level
 Slow                     Hex            100%       N/A       4%          1
 Confusing Touch          Hex            58%        N/A       16%         3
 Frozen Ramparts          Ice            66%        1d8       21%         3
 Pain                     Necr           100%       1d9       24%         1
 Vampiric Draining        Necr           35%        2d8       56%         3
 Lee's Rapid Deconstruct  Erth           16%        3d11*     83%         5
 Ice Form                 Ice/Tmut       37%        N/A       91%         4
 Summon Ice Beast         Ice/Summ       33%        N/A       95%         4
 Agony                    Necr           35%        N/A       100%        5
 Excruciating Wounds      Necr           17%        N/A       100%        5
 Chain Lightning          Conj/Air       30%        3d40      100%        9
 Fire Storm               Conj/Fire      34%        8d9       100%        9
 Shatter                  Erth           16%        3d16*     100%        9

Inventory:

Hand Weapons
 k - the +6 short sword of the Hungering Fulmar (weapon) {venom, Will++ rCorr MP+9 Int-3, short}
   (You found it in a bailey)

   It poisons the flesh of those it strikes.
   Int:       It affects your intelligence (-3).
   MP:        It affects your magic capacity (+9).
   rCorr:     It protects you from acid and corrosion.
   Will:      It greatly increases your willpower.
 z - a +4 vorpal long sword {long}
   (You bought it in a shop on level 1 of the Dungeon)
 E - a +3 dagger {short}
   (You took it off an orc wizard on level 5 of the Dungeon)
 H - a +0 flail {mace}
   (You took it off an orc on level 5 of the Dungeon)
 N - a +1 war axe of flaming {axe}
   (You found it on level 9 of the Dungeon)
Missiles
 b - 386 stones {throwing}
 i - 24 poisoned darts {throwing}
 t - 4 throwing nets {=f!fthrowing}
Armour
 a - +0 ice dragon scales (worn)
   (You found it on level 9 of the Dungeon)
 f - a +2 cloak (worn)
   (You bought it in a shop on level 7 of the Dungeon)
 p - a +0 troll leather armour
   (You found it on level 8 of the Dungeon)
 q - a +1 buckler (worn)
   (You took it off a gnoll sergeant on level 8 of the Dungeon)
 x - a +1 pair of gloves (worn)
   (You found it on level 4 of the Dungeon)
 B - the +2 hat of the Bear Spirit (worn) {Spirit, *Rage Will++}
   (You found it on level 9 of the Dungeon)

   Going berserk makes the wearer tougher, and they're slowed less afterward.
   *Rage:     It berserks you when you make melee attacks (+20% chance).
   Will:      It greatly increases your willpower.
 D - the +6 plate armour "Ehifemud" {rC+ rN+ Str+3 Dex+4}
   (You found it on level 9 of the Dungeon)

   Str:       It affects your strength (+3).
   Dex:       It affects your dexterity (+4).
   rC:        It protects you from cold.
   rN:        It protects you from negative energy.
 K - a +2 scale mail of poison resistance
   (You took it off an orc on level 5 of the Dungeon)
 O - a +2 leather armour of poison resistance
   (You found it on level 9 of the Dungeon)
 T - a +1 pair of boots of flying (worn)
   (You found it on level 11 of the Dungeon)
Jewellery
 v - a ring of poison resistance
   (You found it on level 10 of the Dungeon)
 w - the amulet "Rely" (around neck) {Acrobat Rampage *Corrode rN+ Dex+4}
   (You found it on level 9 of the Dungeon)

   [amulet of the acrobat]

   It increases your evasion while moving and waiting.
   Dex:       It affects your dexterity (+4).
   rN:        It protects you from negative energy.
   *Corrode:  It may corrode you when you take damage.
   Rampage:   It bestows one free step when moving towards enemies.
 C - a +6 ring of intelligence (left hand)
   (You found it on level 4 of the Dungeon)
 J - a +6 ring of intelligence (right hand)
   (You found it on level 9 of the Dungeon)
 L - a +6 ring of dexterity
   (You found it on level 9 of the Dungeon)
Wands
 s - a wand of acid (4)
   (You found it on level 9 of the Dungeon)
 I - a wand of mindburst (8)
   (You found it on level 9 of the Dungeon)
 W - a wand of flame (9)
   (You found it on level 11 of the Dungeon)
Scrolls
 d - 4 scrolls of immolation {!r!r}
 n - 2 scrolls of teleportation {@r4}
 y - a scroll of fear {unknown}
 P - a scroll of amnesia
 R - a scroll of fog {unknown}
 U - a scroll of acquirement {unknown}
 V - a scroll of torment {!r}
 X - a scroll of blinking {unknown}
Potions
 c - 4 potions of haste {unknown}
 e - 3 potions of mutation {unknown}
 h - a potion of lignification {unknown}
 l - 3 potions of attraction {unknown}
 m - a potion of berserk rage {unknown}
 o - 7 potions of curing {@q1}
 r - 4 potions of might
 u - a potion of resistance {unknown}
 M - 3 potions of cancellation {unknown}
Miscellaneous
 G - a piece from Xom's chessboard (15/15)
   (You found it on level 9 of the Dungeon)

Dungeon Overview and Level Annotations

Branches:
Dungeon (11/15)            Temple (1/1) D:4            Lair (1/6) D:8
    Orc (0/2) D:11         Bailey (visited)           IceCv (1/1)

Altars:
Ashenzari
Cheibriados
Dithmenos
Elyvilon
Fedhas
Gozag
Hepliaklqana
Kikubaaqudgha
Makhleb
Nemelex Xobeh
Okawaru
Qazlal
Sif Muna
Trog
Uskayaw
Vehumet
Wu Jian
Xom
Yredelemnul
Zin
The Shining One

Shops:
D:1 *   D:5 =   D:7 !![   D:8 !=((:   D:11 =

Annotations:
Lair:1 Joseph

..... .... ...#
☼.# ##°☼#
#####§°# #☼##..##
. ##Z@☼○..## ...
#§WW☼#...##
.....##Z§☼###...#
......§§§☼§##...#
....#§#§§§##...##
.. ##○§§###...##
######.....##
#...∩...#
#.......#


You could see 2 freezing wraiths, a spriggan simulacrum and a troll simulacrum.


Message History

A troll simulacrum comes into view. 😮 HP[-3] MP[-4]
You take 3 damage, and now have 35/63 hp.
You lost 4 mp, and now have 9/39 mp.
Casting: Iskenderun's Mystic Blast (dangerous; 3% risk of failure)
Confirm with . or Enter, or press ? or * to list all spells.
Aiming: Searing Ray (safe; 1% risk of failure)
Press: ? - help, Shift-Dir - straight line, f/p - freezing wraith
Aim: a freezing wraith (severely damaged, 83% to hit)
The searing ray hits the freezing wraith. (Press . to maintain the ray.)
You are engulfed in freezing vapours.
You resist.
* * * LOW HITPOINT WARNING * * *
Your corrosive artefact corrodes you!
A spriggan simulacrum comes into view.
A freezing wraith comes into view. 😨 HP[-6] MP[-2]
You take 6 damage, and now have 29/63 hp.
You lost 2 mp, and now have 7/39 mp.
The searing ray hits the freezing wraith but does no damage.
You are engulfed in freezing vapours.
You resist.
* * * LOW HITPOINT WARNING * * *
😨 HP[-1] MP[-1]
You take 1 damage, and now have 28/63 hp.
You lost 1 mp, and now have 6/39 mp.
The searing ray hits the freezing wraith but does no damage.
The searing ray hits the troll simulacrum!
You are engulfed in freezing vapours.
You resist.
The freezing wraith hits you but does no damage.
The freezing wraith barely misses you. 😨 MP[-1]
You lost 1 mp, and now have 5/39 mp.
The searing ray hits the freezing wraith.
The searing ray hits the troll simulacrum!
You finish channelling your searing ray.
You are engulfed in freezing vapours.
You resist.
* * * LOW HITPOINT WARNING * * *
The freezing wraith closely misses you.
The freezing wraith misses you. 😨 MP[-1]
You lost 1 mp, and now have 4/39 mp.
You hit the freezing wraith but do no damage.
You are engulfed in freezing vapours.
You resist.
* * * LOW HITPOINT WARNING * * *
😨 HP[-8]
You take 8 damage, and now have 20/63 hp.
You hit the freezing wraith but do no damage.
You are engulfed in freezing vapours.
You resist.
* * * LOW HITPOINT WARNING * * *
The freezing wraith barely misses you.
You block the freezing wraith's attack. 😨 HP[-2]
You take 2 damage, and now have 18/63 hp.
You hit the freezing wraith but do no damage.
You are engulfed in freezing vapours.
You resist.
* * * LOW HITPOINT WARNING * * *
The freezing wraith hits you.
* * * LOW HITPOINT WARNING * * *
The freezing wraith freezes you. You resist.
* * * LOW HITPOINT WARNING * * *
The freezing wraith hits you.
* * * LOW HITPOINT WARNING * * *
The spriggan simulacrum barely misses you. 😱 HP[-12] MP[-2]
You take 12 damage, and now have 6/63 hp.
You lost 2 mp, and now have 2/39 mp.
You feel much better.
You are engulfed in freezing vapours.
You resist.
* * * LOW HITPOINT WARNING * * *
The freezing wraith hits you!
* * * LOW HITPOINT WARNING * * *
The freezing wraith freezes you! You resist.
* * * LOW HITPOINT WARNING * * *
You block the freezing wraith's attack.
The spriggan simulacrum closely misses you. 😱 HP[+5] MP[-1]
You regained 5 hp, and now have 11/63 hp.
You lost 1 mp, and now have 1/39 mp.
The spriggan simulacrum misses you. 😱 MP[+1] Really fly into that cloud of freezing vapour? [Y]es or [N]o only, please.
Really fly into that cloud of freezing vapour?
Okay, then. 😱 HP[+1]
You are engulfed in freezing vapours.
You resist.
* * * LOW HITPOINT WARNING * * *
😱 HP[-5]
You take 5 damage, and now have 7/63 hp.
Casting: Searing Ray (safe; 1% risk of failure)
Confirm with . or Enter, or press ? or * to list all spells.
Okay, then.
As you read the scroll of teleportation {@r4}, it crumbles to dust.
You feel strangely unstable.
You are engulfed in freezing vapours.
You resist.
* * * LOW HITPOINT WARNING * * *
You block the freezing wraith's attack.
The freezing wraith hits you but does no damage.
The spriggan simulacrum hits you but does no damage. 😱 HP[-4]
You take 4 damage, and now have 3/63 hp.
You hit the freezing wraith but do no damage.
You are engulfed in freezing vapours.
You resist.
You die...

Skill      XL: |  1  2  3  4  5  6  7  8  9 10 11 12 |
---------------+-------------------------------------+-----
Conjurations   | 5 6 7 8 9 10 | 10.6
Dodging        | 3 4 5 6 |  6.1
Stealth        | 3 4 5 |  5.4
Spellcasting   | 4 5 7 8 9 11 12 | 12.6
Armour         | 1 2 3 5 |  5.8
Hexes          | 1 2 4 5 |  5.5
Translocations | 1 2 3 4 5 6 |  6.9
Long Blades    | 1 2 |  2.5
Fire Magic     | 3 4 5 |  5.2
Fighting       | 1 2 |  2.3
Short Blades   | 1 3 4 |  4.0
Axes           | 1 |  1.1
Maces & Flails | 1 |  1.0
Polearms       | 1 |  1.0
Staves         | 1 |  1.3
Slings         | 1 |  1.1
Bows           | 2 |  2.0
Crossbows      | 1 |  1.2
Throwing       | 1 |  1.3
Shields        | 1 2 |  2.0
Unarmed Combat | 1 |  1.1
Summonings     | 1 |  1.5
Necromancy     | 1 |  1.7
Transmutations | 2 |  2.4
Ice Magic      | 1 |  1.5
Earth Magic    | 1 |  1.5
Poison Magic   | 2 3 |  3.1
Invocations    | 1 |  1.5
Evocations     | 1 |  1.5
Air Magic      | 1 |  1.9

Action                   |  1- 3 |  4- 6 |  7- 9 | 10-12 || total
-------------------------+-------+-------+-------+-------++-------
Melee: Long sword        |       |       |    26 |       ||    26
       Punch             |       |       |     1 |       ||     1
       Short sword       |       |       |       |   109 ||   109
 Cast: Magic Dart        |    43 |    14 |   115 |    77 ||   249
       Searing Ray       |    23 |    12 |    80 |    69 ||   184
       Foxfire           |       |       |       |    52 ||    52
       Poisonous Vapours |       |       |       |    43 ||    43
       Dazzling Flash    |       |       |       |     2 ||     2
       Iskenderun's Myst |       |       |       |    53 ||    53
       Fulminant Prism   |       |       |       |     3 ||     3
       Mephitic Cloud    |       |       |       |     1 ||     1
  Use: Scroll            |       |     2 |    13 |     4 ||    19
       Potion            |       |       |     3 |     1 ||     4
Armor: Robe              |     3 |       |       |       ||     3
       Scale mail        |       |       |    44 |       ||    44
       Leather armour    |       |       |     2 |       ||     2
       Troll leather arm |       |       |       |    39 ||    39
       Plate armour      |       |       |       |    16 ||    16
       Ice dragon scales |       |       |       |    42 ||    42
Dodge: Dodged            |     6 |     6 |    87 |   200 ||   299
Block: Buckler           |       |       |       |    88 ||    88

Levels and vault maps discovered:
D:1:      lightli_arrival_lavapool, layout_basic, serial_shops,
          nicolae_square_shop, serial_bayou_crossing
D:2:      layout_loops_ring, ebering_ecumenical_altar_petrified
D:3:      layout_basic
D:4:      layout_loops_corners, chequers_temple_overflow_minitemple,
          minmay_temple_entry_large_hall, uniq_menkaure
D:5:      layout_basic, regret_index_temple_of_mockery, amcnicky_altar_gilded,
          serial_shops, shop
D:6:      layout_basic, serial_undead, serial_undead_f, serial_undead_d,
          serial_undead_b, serial_undead_c, serial_undead_e,
          kennysheep_cross_room
D:7:      layout_cave_pools, mainiacjoe_overflow_cross_hatched,
          serial_gnoll_camp, gnoll_camp_mini_basic, gnoll_camp_mini_shop,
          gnoll_camp_mini_shop, gnoll_camp_mini_shop, gnoll_camp_mini_basic
D:8:      layout_basic, erik_lair_island, enter_bailey_3, serial_shops,
          shop_fountains, kennysheep_mini, nicolae_shop_waterfront,
          shop_fountains, shop
D:9:      minmay_the_grid_net [minmay_the_grid_tiny_cups,
          minmay_the_grid_square_x, minmay_the_grid_embedded,
          minmay_the_grid_outer_diamond, minmay_the_grid_pillar_ring,
          minmay_the_grid_prize_diamond_cup], layout_gridville
D:10:     layout_basic, bloody_makhleb, st_stairs_10, lemuel_another_geyser
D:11:     layout_cave_pods, minmay_orc_entry_guard_dogs, gauntlet_entry_generic,
          serial_shops, shop_statue, eino_jars
Temple:   nicolae_temple_god_jail
Lair:1:   layout_cave_pods, portal_ice_cave_entry_pillars_2, uniq_joseph
IceCv:    ice_cave_small_necro

Notes
Turn   | Place    | Note
-------+----------+-------------------------------------------
     0 | D:1      | mortz the Deep Elf Conjurer began the quest for the Orb.
     0 | D:1      | Reached XP level 1. HP: 10/10 MP: 6/6
     0 | D:1      | magus.rc [v1.9.6]
    27 | D:1      | Found Ames's Assorted Antiques.
   317 | D:1      | Reached XP level 2. HP: 15/15 MP: 6/8
   320 | D:1      | Learned a level 2 spell: Searing Ray
   622 | D:1      | Reached skill level 5 in Conjurations
  1205 | D:2      | Found a faded altar of an unknown god.
  1341 | D:2      | Reached XP level 3. HP: 19/19 MP: 6/9
  1976 | D:3      | Noticed a phantom
  2287 | D:3      | Reached skill level 3 in Dodging
  3076 | D:4      | Reached XP level 4. HP: 24/24 MP: 4/11
  3191 | D:4      | Noticed a phantom
  3463 | D:1      | Bought a runed long sword for 117 gold pieces
  3546 | D:4      | Reached skill level 3 in Stealth
  3882 | D:4      | Reached skill level 4 in Spellcasting
  3935 | D:4      | Reached XP level 5. HP: 28/28 MP: 5/13
  3995 | D:4      | Found a staircase to the Ecumenical Temple.
  4004 | Temple   | Entered the Ecumenical Temple
  4292 | D:4      | Noticed Menkaure
  4354 | D:4      | Learned a level 4 spell: Iskenderun's Mystic Blast
  4402 | D:4      | Found a sparkling altar of Nemelex Xobeh.
  4402 | D:4      | Found a glowing golden altar of the Shining One.
  4408 | D:4      | Found an ornate altar of the Wu Jian Council.
  4410 | D:4      | Found a radiant altar of Vehumet.
  4411 | D:4      | Found a faded altar of an unknown god.
  4415 | D:4      | Became a worshipper of Vehumet
  4636 | D:4      | Killed a phantom
  4637 | D:4      | Reached skill level 1 in Armour
  4637 | D:4      | Reached skill level 4 in Stealth
  4637 | D:4      | Reached skill level 6 in Conjurations
  4637 | D:4      | Reached skill level 1 in Hexes
  4776 | D:5      | Entered Level 5 of the Dungeon
  4780 | D:5      | Reached skill level 1 in Translocations
  4780 | D:5      | Reached XP level 6. HP: 32/32 MP: 9/15
  4782 | D:5      | Reached skill level 5 in Spellcasting
  4948 | D:5      | Found a broken altar of Ashenzari.
  5025 | D:5      | Found a shimmering altar of Xom.
  5026 | D:5      | Found a hazy altar of Hepliaklqana.
  5027 | D:5      | Noticed a spectral ugly thing
  5123 | D:5      | Reached skill level 2 in Translocations
  5128 | D:5      | Reached XP level 7. HP: 27/36 MP: 4/16
  5623 | D:5      | Reached skill level 7 in Conjurations
  5623 | D:5      | Reached skill level 2 in Hexes
  5693 | D:5      | Reached skill level 2 in Armour
  5742 | D:5      | Found Ufumoag's Jewellery Shoppe.
  5838 | D:5      | HP: 3/36 [gnoll sergeant/+0 spear (9)]
  5864 | D:5      | HP: 2/36 [gnoll sergeant/+0 spear (4)]
  6531 | D:5      | Reached skill level 3 in Translocations
  6674 | D:5      | Reached * piety under Vehumet
  6674 | D:5      | Offered knowledge of Shock by Vehumet.
  7436 | D:6      | Reached XP level 8. HP: 40/41 MP: 12/18
  7611 | D:6      | Reached skill level 3 in Hexes
  7665 | D:6      | Reached skill level 6 in Spellcasting
  8002 | D:6      | You pick up a book of Rime and begin reading...
  8002 | D:6      | You add the spells Frozen Ramparts, Ice Form and Summon Ice
                  | Beast to your library.
  8146 | D:6      | Reached skill level 3 in Armour
  8509 | D:6      | Reached skill level 4 in Translocations
  8806 | D:6      | Reached skill level 1 in Long Blades
  8806 | D:6      | Reached skill level 4 in Hexes
  9144 | D:6      | magus.rc [v1.9.6]
  9616 | D:1      | Bought a scroll of identify for 36 gold pieces
  9717 | D:4      | Killed Menkaure
  9718 | D:4      | Reached skill level 7 in Spellcasting
 10181 | D:7      | Reached XP level 9. HP: 46/46 MP: 15/21
 10220 | D:7      | Reached skill level 4 in Armour
 10449 | D:7      | Found Niude's Distillery.
 10465 | D:7      | Bought 2 potions of degeneration for 24 gold pieces
 10880 | D:7      | Found Siwabaj's Antique Armour Emporium.
 10884 | D:7      | Bought an embroidered cloak for 202 gold pieces
 10905 | D:7      | Reached ** piety under Vehumet
 10906 | D:7      | Offered knowledge of Foxfire by Vehumet.
 10909 | D:7      | Learned a level 1 spell: Foxfire
 10918 | D:7      | Reached skill level 8 in Conjurations
 10918 | D:7      | Reached skill level 5 in Hexes
 10993 | D:7      | Found Vougu's Distillery.
 11005 | D:7      | Bought a potion of heal wounds for 70 gold pieces
 11044 | D:7      | You fall into a shaft and drop 2 floors!
 11156 | D:8      | Reached skill level 8 in Spellcasting
 11345 | D:8      | You pick up a book of Blasting and begin reading...
 11358 | D:8      | Found a flagged portal.
 11388 | Bailey   | Entered a bailey
 11405 | Bailey   | Reached skill level 1 in Fire Magic
 11409 | Bailey   | HP: 6/46 [orc warrior/bolt (21)]
 11692 | Bailey   | HP: 9/46 [orc/bolt (8)]
 11902 | Bailey   | Reached skill level 5 in Translocations
 11957 | Bailey   | Offered knowledge of Poisonous Vapours by Vehumet.
 11958 | Bailey   | Reached skill level 1 in Fighting
 11958 | Bailey   | Reached skill level 2 in Long Blades
 12145 | Bailey   | Reached skill level 1 in Short Blades
 12145 | Bailey   | Reached skill level 1 in Axes
 12145 | Bailey   | Reached skill level 1 in Maces & Flails
 12145 | Bailey   | Reached skill level 1 in Polearms
 12145 | Bailey   | Reached skill level 1 in Staves
 12145 | Bailey   | Reached skill level 1 in Slings
 12145 | Bailey   | Reached skill level 2 in Bows
 12145 | Bailey   | Reached skill level 1 in Crossbows
 12145 | Bailey   | Reached skill level 1 in Throwing
 12145 | Bailey   | Reached skill level 5 in Armour
 12145 | Bailey   | Reached skill level 4 in Dodging
 12145 | Bailey   | Reached skill level 5 in Stealth
 12145 | Bailey   | Reached skill level 1 in Shields
 12145 | Bailey   | Reached skill level 1 in Unarmed Combat
 12145 | Bailey   | Reached skill level 1 in Summonings
 12145 | Bailey   | Reached skill level 1 in Necromancy
 12145 | Bailey   | Reached skill level 2 in Transmutations
 12145 | Bailey   | Reached skill level 3 in Fire Magic
 12145 | Bailey   | Reached skill level 1 in Ice Magic
 12145 | Bailey   | Reached skill level 1 in Earth Magic
 12145 | Bailey   | Reached skill level 2 in Poison Magic
 12145 | Bailey   | Reached skill level 1 in Invocations
 12145 | Bailey   | Reached skill level 1 in Evocations
 12145 | Bailey   | Reached XP level 10. HP: 52/52 MP: 24/24
 12149 | Bailey   | Noticed an orc knight
 12530 | Bailey   | Learned a level 3 spell: Dazzling Flash
 12562 | Bailey   | Killed an orc knight
 12563 | Bailey   | Reached skill level 6 in Translocations
 12814 | Bailey   | You pick up a book of Annihilations and begin reading...
 12814 | Bailey   | You add the spells Chain Lightning, Fire Storm and Shatter
                  | to your library.
 12816 | Bailey   | Identified the +6 short sword of the Hungering Fulmar
                  | {venom, Will++ rCorr MP+9 Int-3}
 12871 | Bailey   | Learned a level 2 spell: Poisonous Vapours
 12876 | Bailey   | Learned a level 4 spell: Fulminant Prism
 12925 | Bailey   | Reached skill level 9 in Spellcasting
 13188 | D:8      | Found a staircase to the Lair.
 13225 | D:8      | Reached *** piety under Vehumet
 13226 | D:8      | Reached skill level 9 in Conjurations
 13318 | D:8      | Reached XP level 11. HP: 48/57 MP: 26/26
 13474 | D:8      | Found Giuf's Antique Weapon Boutique.
 13485 | D:8      | Found Radif's Antique Weapon Shoppe.
 13641 | D:8      | Found Ukla Wei's Distillery.
 13768 | D:8      | Found Rokka's Book Boutique.
 13975 | D:8      | Found Hewnu's Jewellery Emporium.
 14185 | D:9      | Identified the amulet "Rely" {Acrobat Rampage *Corrode rN+
                  | Dex+4}
 14187 | D:9      | magus.rc [v1.9.6]
 14225 | D:9      | Noticed a two-headed ogre
 14239 | D:9      | Killed a two-headed ogre
 14239 | D:9      | Offered knowledge of Mephitic Cloud by Vehumet.
 14240 | D:9      | Reached skill level 10 in Spellcasting
 14253 | D:9      | Noticed a centaur warrior
 14269 | D:9      | Reached skill level 1 in Air Magic
 14275 | D:9      | Killed a centaur warrior
 14276 | D:9      | Reached skill level 3 in Poison Magic
 14352 | D:9      | Reached skill level 2 in Short Blades
 14548 | D:9      | Reached skill level 3 in Short Blades
 14548 | D:9      | Reached skill level 5 in Dodging
 14563 | D:9      | Learned a level 3 spell: Mephitic Cloud
 14846 | D:9      | Reached skill level 2 in Fighting
 14861 | D:9      | Noticed a stone giant
 14870 | D:9      | Reached skill level 11 in Spellcasting
 15217 | D:9      | Found the +2 hat of the Bear Spirit {Spirit, *Rage Will++}
 15221 | D:9      | Identified the +6 plate armour "Ehifemud" {rC+ rN+ Str+3
                  | Dex+4}
 15264 | D:9      | Noticed an ice dragon
 15287 | D:9      | Killed an ice dragon
 15287 | D:9      | Reached **** piety under Vehumet
 15496 | D:9      | You pick up a book of Debilitation and begin reading...
 15496 | D:9      | You add the spells Slow, Vampiric Draining and Confusing
                  | Touch to your library.
 15624 | D:9      | Offered knowledge of Fireball by Vehumet.
 15631 | D:9      | Learned a level 5 spell: Fireball
 16121 | D:10     | Entered Level 10 of the Dungeon
 16153 | D:10     | Reached skill level 4 in Fire Magic
 16157 | D:10     | Reached skill level 10 in Conjurations
 16362 | D:10     | Found a burning altar of Makhleb.
 16390 | D:10     | Noticed a two-headed ogre
 16401 | D:10     | Killed a two-headed ogre
 16402 | D:10     | Reached XP level 12. HP: 55/62 MP: 24/29
 17093 | D:11     | Found a gate leading to a gauntlet.
 17095 | D:11     | Found a staircase to the Orcish Mines.
 17102 | D:11     | Reached skill level 6 in Dodging
 17102 | D:11     | Reached skill level 2 in Shields
 17270 | D:11     | Reached skill level 12 in Spellcasting
 17960 | D:11     | Found Faosouta's Jewellery Emporium.
 17968 | D:11     | Bought a ring of flight for 227 gold pieces
 18338 | D:11     | You pick up a book of Pain and begin reading...
 18338 | D:11     | You add the spells Pain, Agony and Excruciating Wounds to
                  | your library.
 18480 | D:11     | Reached skill level 5 in Fire Magic
 18715 | Lair:1   | Entered Level 1 of the Lair of Beasts
 18773 | Lair:1   | Found a frozen archway.
 18778 | Lair:1   | Noticed Joseph
 18782 | IceCv    | Entered an ice cave
 18791 | IceCv    | Reached skill level 4 in Short Blades
 18826 | IceCv    | HP: 14/63 [something (4)]
 18826 | IceCv    | HP: 6/63 [freezing wraith (3)]
 18831 | IceCv    | HP: 7/63 [something (5)]
 18832 | IceCv    | HP: 3/63 [something (4)]
 18833 | IceCv    | Engulfed by a cloud of freezing vapour

Vanquished Creatures
  An ice dragon (D:9)
  A centaur warrior (D:9)
  2 two-headed ogres
  An orc knight (Bailey)
  A manticore (D:11)
  2 cyclopes (D:11)
  A komodo dragon (D:11)
  6 trolls
  A hornet (D:9)
  2 meliai zombies
  3 wyverns (D:9)
  4 wraiths
  A basilisk (D:11)
  2 steam dragons
  8 yaks
  A death yak simulacrum (IceCv)
  Menkaure (D:4)
  4 wargs (D:11)
  A harpy simulacrum (IceCv)
  4 water moccasins
  12 orc warriors
  A black bear (D:6)
  2 sky beasts
  A hornet zombie (D:6)
  A wolf (D:8)
  4 centaurs
  2 phantoms
  6 bullfrogs
  3 kobold brigands (D:9)
  4 gnoll sergeants
  A scorpion (D:5)
  A wyvern zombie (D:9)
  2 water moccasin zombies
  A water moccasin skeleton (D:4)
  A wyvern skeleton (D:7)
  An elephant simulacrum (IceCv)
  26 killer bees
  3 wights (D:5)
  2 howler monkeys
  5 electric eels
  4 centaur zombies
  6 bullfrog zombies
  7 hounds (D:8)
  A centaur skeleton (D:7)
  A gnoll shaman (D:9)
  2 orc priests (D:5)
  A jelly (D:5)
  7 iguanas
  8 orc wizards
  A polar bear simulacrum (IceCv)
  A killer bee zombie (D:6)
  A wolf simulacrum (IceCv)
  2 hound skeletons (D:4)
  2 howler monkey zombies
  25 gnolls
  9 adders
  An ufetubus (D:4)
  A worm (D:4)
  A dart slug (D:1)
  28 orcs
  4 ball pythons
  5 endoplasms
  2 giant cockroaches (D:1)
  10 goblins
  4 hobgoblins
  2 jackals (D:7)
  3 quokkas
  4 bats
  5 frilled lizards
  7 kobolds
  6 rats
287 creatures vanquished.

Vanquished Creatures (others)
  86 foxfires
  3 fulminant prisms
  5 plants (D:7)
  2 withered plants (D:6)
96 creatures vanquished.

Grand Total: 383 creatures vanquished

Table legend:
 A = Non-vault XP
 B = Vault XP
 C = Vault XP percentage of total XP
 D = Non-vault monster count
 E = Vault monster count
 F = Vault count percentage of total count
                 A         B        C        D         E       F
            +---------+---------+-------+---------+---------+-------
      Total |   12254 |   11568 |  48.6 |     189 |      98 |  34.1
            +---------+---------+-------+---------+---------+-------
        D:1 |      27 |       0 |   0.0 |      15 |       0 |   0.0
        D:2 |      27 |       0 |   0.0 |      18 |       0 |   0.0
        D:3 |     149 |       0 |   0.0 |      14 |       0 |   0.0
        D:4 |     267 |     172 |  39.2 |      10 |       1 |   9.1
        D:5 |    1055 |       0 |   0.0 |      29 |       0 |   0.0
        D:6 |     813 |     278 |  25.5 |      16 |       6 |  27.3
        D:7 |     606 |     206 |  25.4 |      10 |      11 |  52.4
        D:8 |    1149 |     802 |  41.1 |      19 |      14 |  42.4
        D:9 |    2727 |    5830 |  68.1 |      26 |      25 |  49.0
       D:10 |    1817 |     944 |  34.2 |       9 |       4 |  30.8
       D:11 |    3057 |    1039 |  25.4 |      18 |      10 |  35.7
     Lair:1 |     560 |       0 |   0.0 |       5 |       0 |   0.0
     Bailey |       0 |    1843 | 100.0 |       0 |      22 | 100.0
      IceCv |       0 |     454 | 100.0 |       0 |       5 | 100.0
            +---------+---------+-------+---------+---------+-------

Illustrated notes

Table legend:
 A = Kills in this place as a percentage of kills in entire the game.
 B = Kills by you in this place as a percentage of kills by you in the entire game.
 C = Kills by friends in this place as a percentage of kills by friends in the entire game.
 D = Other kills in this place as a percentage of other kills in the entire game.
 E = Experience gained in this place as a percentage of experience gained in the entire game.
 F = Experience gained in this place divided by the number of levels of this place that you have seen.
                   A       B       C       D       E      F
               +-------+-------+-------+-------+-------+----------------------
         Total | 100.0 | 100.0 |   N/A |   N/A | 100.0 | 1588.1
       Dungeon |  88.9 |  88.9 |   N/A |   N/A |  88.0 | 1905.9
          Lair |   1.7 |   1.7 |   N/A |   N/A |   2.4 | 560.0
        Bailey |   7.7 |   7.7 |   N/A |   N/A |   7.7 | 1843.0
      Ice Cave |   1.7 |   1.7 |   N/A |   N/A |   1.9 | 454.0
               +-------+-------+-------+-------+-------+----------------------

Table legend: (Time is in decaauts)
 A = Elapsed time spent in this place.
 B = Non-inter-level travel time spent in this place.
 C = Inter-level travel time spent in this place.
 D = Time resting spent in this place.
 E = Time spent auto-exploring this place.
 F = Levels seen in this place.
 G = Mean time per level.
                   A        B        C        D        E       F      G
               +--------+--------+--------+--------+--------+-----+--------+
         Total |  18886 |  17356 |   1530 |   4378 |   9059 |  15 | 1259.1 |
       Dungeon |  16979 |  15462 |   1517 |   3614 |   8935 |  11 | 1543.5 |
        Temple |     71 |     58 |     13 |      0 |     49 |   1 |   71.0 |
          Lair |     65 |     65 |      0 |      0 |      0 |   1 |   65.0 |
        Bailey |   1718 |   1718 |      0 |    758 |     65 |   1 | 1718.0 |
      Ice Cave |     50 |     50 |      0 |      6 |     10 |   1 |   50.0 |
               +--------+--------+--------+--------+--------+-----+--------+

Top non-repeatable levels by time:
     D:6: 2561 daAuts
     D:5: 2491 daAuts
     D:9: 1775 daAuts
     D:4: 1762 daAuts
  Bailey: 1718 daAuts
     D:8: 1631 daAuts
    D:11: 1443 daAuts
     D:3: 1347 daAuts
     D:1: 1161 daAuts
    D:10: 1127 daAuts
     D:2: 1041 daAuts
     D:7: 635 daAuts
  Temple: 71 daAuts
  Lair:1: 65 daAuts
   IceCv: 50 daAuts
